 Dungeon Crawl Stone Soup version 0.27-a0-1147-gb3d8e82157 (webtiles) character file.

Game seed: 14753752070528965726

17584 eXtarkYa the Severer (level 12, -13/108 HPs)
             Began as a Hill Orc Abyssal Knight on May 11, 2021.
             Was a High Priest of Lugonu.
             Blown up by an orb spider (28 damage)
             ... with an orb of destruction
             ... on level 1 of the Spider Nest.
             The game lasted 00:51:53 (15470 turns).

eXtarkYa the Severer (Hill Orc Abyssal Knight)     Turns: 15470, Time: 00:51:54

Health: -13/108    AC: 24    Str: 25    XL:     12   Next: 49%
Magic:  15/15      EV: 10    Int: 12    God:    Lugonu [*****.]
Gold:   813        SH: 12    Dex: 11    Spells: 14/15 levels left

rFire    . . .     SeeInvis .   a - +5 war axe of Tenacity {freeze, rPois rN+ rCorr Stlth+}
rCold    . . .     Faith    .   B - +2 kite shield
rNeg     + + .     Spirit   .   o - +0 pearl dragon scales
rPois    +         Reflect  .   g - +0 helmet
rElec    .         Harm     .   x - +0 cloak
rCorr    +         Rampage  .   (no gloves)
Will     .....                  l - +2 pair of boots
Stlth    +.........             A - amulet of magic regeneration
HPRegen  0.28/turn              G - +6 ring of strength
MPRegen  0.39/turn              L - +4 ring of protection

@: slowed, very slow
A: no striking features
a: Renounce Religion, Depart the Abyss, Bend Space, Banish, Corrupt, Enter the
Abyss


You were on level 1 of the Spider Nest.
You worshipped Lugonu.
Lugonu was extremely pleased with you.
You visited 3 branches of the dungeon, and saw 12 of its levels.
You visited the Abyss 1 time.

You collected 813 gold pieces.

Inventory:

Hand Weapons
 a - the +5 war axe of Tenacity (weapon) {freeze, rPois rN+ rCorr Stlth+}
   (You found it on level 4 of the Dungeon)

   It has been specially enchanted to freeze those struck by it, causing extra
   injury to most foes and up to half again as much damage against particularly
   susceptible opponents.
   It can also slow down cold-blooded creatures.
   It protects you from poison.
   It protects you from negative energy.
   It protects you from acid and corrosion.
   It makes you more stealthy.
 b - a +9 spectral war axe
 y - a +4 battleaxe
 K - a +3 scimitar of flaming
Missiles
 u - 2 throwing nets
 F - a curare-tipped dart
Armour
 g - a +0 helmet (worn)
 l - a +2 pair of boots (worn)
 o - +0 pearl dragon scales (worn)
 x - a +0 cloak (worn)
 z - +1 steam dragon scales
 B - a +2 kite shield (worn)
Magical Staves
 f - a staff of fire
 k - a staff of air
 r - a staff of earth
Jewellery
 j - a +4 ring of evasion
 v - a ring of willpower
 A - an amulet of magic regeneration (around neck)
 C - a ring of magical power
 G - a +6 ring of strength (left hand)
 L - a +4 ring of protection (right hand)
Wands
 c - a wand of digging (6)
 h - a wand of mindburst (23)
 n - a wand of flame (38)
 w - a wand of iceblast (10)
 J - a wand of polymorph (5)
Scrolls
 m - a scroll of immolation
 q - a scroll of fog
 s - 4 scrolls of identify
 t - a scroll of summoning
 I - a scroll of acquirement {unknown}
Potions
 d - a potion of invisibility {unknown}
 e - 3 potions of lignification
 i - a potion of curing
 p - 3 potions of mutation
 D - 3 potions of berserk rage
 E - 3 potions of heal wounds
 H - a potion of brilliance
 M - a potion of attraction {unknown}


   Skills:
 + Level 10.7 Fighting
 + Level 15.5 Axes
 + Level 9.4 Armour
 + Level 5.2 Dodging
 + Level 2.7 Stealth
 + Level 5.9 Shields
 + Level 2.2 Spellcasting
 + Level 2.1 Conjurations
 + Level 1.5 Air Magic
 + Level 4.6 Invocations


You had 14 spell levels left.
You knew the following spells:

 Your Spells              Type           Power      Damage    Failure   Level
a - Shock                 Conj/Air       20%        1d4       67%         1

Your spell library contained the following spells:

 Spells                   Type           Power      Damage    Failure   Level
 Static Discharge         Conj/Air       5%         N/A       82%         2
 Swiftness                Air            5%         N/A       97%         3
 Airstrike                Air            2%         N/A       100%        4
 Lightning Bolt           Conj/Air       2%         1d14      100%        5


Dungeon Overview and Level Annotations

Branches:
Dungeon (9/15)             Temple (0/1) D:7            Lair (2/6) D:9
 Spider (1/4) Lair:2
  Swamp: Lair:2-4    Shoals: Lair:2-4       Orc: D:9-12

Altars:
Cheibriados
Fedhas
Hepliaklqana
Sif Muna
Trog
Wu Jian
Xom
The Shining One

Annotations:
D:3 3 runed translucent doors, Cralpanu's ghost, amateur FoFi; bmj180's ghost, amateur DrCj
D:8 exclusion: 4 orange crystal statues


Message History

The orb spider spins a strand of pure energy.
Unknown command.
Your spectral weapon disappears as you unwield.
The +5 war axe of Tenacity {freeze, rPois rN+ rCorr Stlth+} glows with a cold blue light!
a - the +5 war axe of Tenacity (weapon)
{freeze, rPois rN+ rCorr Stlth+} The jumping spider leaps!
You pick your way through the web.
The orb spider spins a strand of pure energy.
There is a web here.
The jumping spider leaps! x2
The orb spider weaves a glowing orb of energy.
An orb of destruction comes into view.
The jumping spider leaps! x2; You block the orb of destruction.
The orb of destruction dissipates.
You hit the torpor snail. You freeze the torpor snail.
The torpor snail is heavily wounded.
The orb spider pulsates with a strange energy.
You block the torpor snail's attack.
You slash the torpor snail! You freeze the torpor snail.
The torpor snail is severely wounded.
The jumping spider leaps!
You block the torpor snail's attack.
You hit the torpor snail but do no damage.
The torpor snail is severely wounded.
The jumping spider leaps! x2
The orb spider weaves a glowing orb of energy.
The torpor snail bites you!
The jumping spider pounces on you but does no damage.
You block the jumping spider's attack.
An orb of destruction comes into view.
The orb spider weaves a glowing orb of energy.
The jumping spider closely misses you.
The jumping spider bites you but does no damage.
An orb of destruction comes into view.
The jumping spider leaps!
The jumping spider pounces on you but does no damage.
The jumping spider closely misses you. The orb of destruction hits you!!
* * * LOW HITPOINT WARNING * * *
The orb of destruction hits you!!
You die...

....................
....$...††..........
.....................
........^.†.s......^.
...........s○........
....[....s.w○...#≈≈≈.
..........$s☼...≈..≈≈
......^....°○.......≈
..>........^○@......^
....................≈
...................≈≈
....................#
................^...#
....................#
......^.^..........##
............^..[.#≈#
.................##


You could see a torpor snail, 3 orb spiders and a jumping spider.

Vanquished Creatures
  Erica (Lair:1)
  2 two-headed ogres
  Nergalle (Lair:1)
  Pikel (D:5)
  A wolf spider (Spider:1)
  5 cane toads (Lair:2)
  Maggie (D:7)
  3 komodo dragons
  A demonic crawler (Spider:1)
  Sigmund (D:3)
  3 redbacks (Spider:1)
  27 yaks
  A wyvern (D:5)
  A basilisk (Lair:2)
  A steam dragon (D:7)
  6 water moccasins
  3 orc warriors (D:9)
  2 sky beasts
  2 black bears
  3 ice beasts
  4 centaurs
  6 wolves (Lair:2)
  A lemure (D:5)
  2 kobold brigands (D:9)
  3 gnoll sergeants
  9 bullfrogs
  4 scorpions
  A water moccasin zombie (D:6)
  A water moccasin skeleton (D:5)
  4 killer bees (D:8)
  5 wights (D:9)
  3 howler monkeys
  An electric eel (Lair:1)
  A bullfrog zombie (D:6)
  A centaur zombie (D:6)
  4 orc priests
  2 bullfrog skeletons
  4 hounds
  3 iguanas
  6 orc wizards
  2 killer bee zombies
  A howler monkey zombie (D:8)
  2 adders
  14 gnolls
  A howler monkey skeleton (D:5)
  2 river rats (D:3)
  A shadow imp (D:7)
  2 ufetubi (D:5)
  An adder skeleton (D:4)
  3 worms
  10 dart slugs
  15 orcs
  3 ball pythons
  12 endoplasms
  9 giant cockroaches
  10 goblins
  7 hobgoblins
  10 jackals
  17 kobolds
  4 quokkas
  5 bats
  2 frilled lizards (D:1)
  6 rats
270 creatures vanquished.

Vanquished Creatures (others)
  A wolf spider (Spider:1)
  8 fungi
  13 plants
  4 withered plants (D:3)
26 creatures vanquished.

Grand Total: 296 creatures vanquished

Notes
Turn   | Place    | Note
-------+----------+-------------------------------------------
     0 | Abyss:1  | eXtarkYa the Hill Orc Abyssal Knight began the quest for
                  | the Orb.
     0 | Abyss:1  | Reached XP level 1. HP: 19/19 MP: 2/2
   127 | Abyss:1  | Noticed a raiju
   132 | D:1      | Escaped the Abyss
   516 | D:1      | Reached * piety under Lugonu
   579 | D:1      | Reached XP level 2. HP: 24/27 MP: 3/3
   719 | D:1      | Found a faded altar of an unknown god.
   829 | D:1      | Reached skill level 3 in Axes
   913 | D:1      | HP: 2/40 [poisoned by a kobold]
  1377 | D:1      | Reached XP level 3. HP: 33/33 MP: 4/4
  1992 | D:2      | Reached ** piety under Lugonu
  2002 | D:2      | Reached skill level 1 in Dodging
  2304 | D:2      | Reached skill level 4 in Axes
  2304 | D:2      | Reached XP level 4. HP: 22/41 MP: 5/5
  2777 | D:3      | Noticed Sigmund
  3467 | D:3      | Killed Sigmund
  3468 | D:3      | Reached skill level 5 in Fighting
  3468 | D:3      | Reached skill level 5 in Axes
  3468 | D:3      | Reached XP level 5. HP: 14/48 MP: 6/6
  3468 | D:3      | Reached XP level 6. HP: 16/56 MP: 7/7
  4016 | D:3      | Learned a level 1 spell: Shock
  4354 | D:3      | Found a runed translucent gate.
  4354 | D:3      | Found a runed translucent gate.
  4354 | D:3      | Found a runed translucent gate.
  4354 | D:3      | Noticed Cralpanu's ghost (amateur FoFi)
  4354 | D:3      | Noticed Cralpanu's ghost (amateur FoFi)
  4355 | D:3      | Noticed bmj180's ghost (amateur DrCj)
  4740 | D:3      | Reached skill level 6 in Axes
  5348 | D:4      | Found a shimmering altar of Xom.
  5523 | D:4      | Found a glowing golden altar of the Shining One.
  5527 | D:4      | Identified the +5 war axe of Tenacity {freeze, rPois rN+
                  | rCorr Stlth+}
  5623 | D:5      | Entered Level 5 of the Dungeon
  5966 | D:4      | Reached *** piety under Lugonu
  5997 | D:4      | Reached XP level 7. HP: 61/61 MP: 4/8
  6674 | D:5      | Reached skill level 1 in Spellcasting
  6726 | D:5      | Found a blossoming altar of Fedhas.
  6747 | D:5      | Reached skill level 1 in Conjurations
  6754 | D:5      | Reached skill level 1 in Stealth
  6766 | D:5      | Noticed a wyvern
  6778 | D:5      | Killed a wyvern
  6779 | D:5      | Reached skill level 7 in Axes
  6779 | D:5      | Reached skill level 1 in Air Magic
  7022 | D:5      | Reached XP level 8. HP: 43/69 MP: 10/10
  7294 | D:5      | Found a snail-covered altar of Cheibriados.
  7297 | D:5      | Found a hazy altar of Hepliaklqana.
  7885 | D:6      | Noticed Pikel
  7900 | D:5      | Killed Pikel
  7901 | D:5      | Reached skill level 8 in Axes
  8291 | D:6      | Reached skill level 9 in Axes
  8294 | D:6      | Reached skill level 5 in Armour
  8294 | D:6      | Reached XP level 9. HP: 33/75 MP: 12/12
  9399 | D:6      | Reached skill level 10 in Axes
  9913 | D:7      | Found an ornate altar of the Wu Jian Council.
  9916 | D:7      | Found a shimmering blue altar of Sif Muna.
  9935 | D:7      | Noticed Maggie
  9955 | D:7      | Killed Maggie
 10223 | D:7      | Reached **** piety under Lugonu
 10331 | D:7      | Reached skill level 11 in Axes
 10677 | D:7      | Found a staircase to the Ecumenical Temple.
 10964 | D:8      | Reached XP level 10. HP: 75/86 MP: 13/13
 11158 | D:8      | Reached skill level 12 in Axes
 11255 | D:8      | Noticed a two-headed ogre
 11263 | D:8      | Killed a two-headed ogre
 11264 | D:8      | Reached skill level 13 in Axes
 11264 | D:8      | Reached skill level 1 in Shields
 11613 | D:8      | Found a runed translucent door.
 11619 | D:8      | Found the +10 tower shield of Ignorance {rN+ Int-4}
 11620 | D:8      | Noticed an orange crystal statue
 11620 | D:8      | Noticed an orange crystal statue
 11620 | D:8      | Noticed an orange crystal statue
 11620 | D:8      | Noticed an orange crystal statue
 11656 | D:8      | Found a runed translucent door.
 11888 | D:9      | Noticed a two-headed ogre
 11899 | D:9      | Killed a two-headed ogre
 12002 | D:9      | Found a bloodstained altar of Trog.
 12105 | D:9      | Reached XP level 11. HP: 95/95 MP: 14/14
 12116 | D:9      | Reached skill level 14 in Axes
 12196 | D:9      | Reached ***** piety under Lugonu
 12566 | D:9      | Found a staircase to the Lair.
 12652 | Lair:1   | Entered Level 1 of the Lair of Beasts
 12969 | Lair:1   | Noticed Nergalle
 12984 | Lair:1   | Killed Nergalle
 13042 | Lair:1   | Noticed Erica
 13055 | Lair:1   | Killed Erica
 13433 | Lair:1   | Noticed an eight-headed hydra
 13785 | Lair:1   | Banished an 11-headed hydra
 13786 | Lair:1   | Reached skill level 15 in Axes
 13884 | Lair:2   | Reached skill level 10 in Fighting
 13904 | Lair:2   | Noticed a six-headed hydra
 14420 | Lair:2   | Reached skill level 5 in Dodging
 14420 | Lair:2   | Reached XP level 12. HP: 101/106 MP: 15/15
 14486 | Lair:2   | Noticed a six-headed hydra
 14494 | Lair:2   | Banished a six-headed hydra
 14495 | Lair:2   | Reached skill level 5 in Shields
 15365 | Lair:2   | Found a hole to the Spider Nest.
 15415 | Spider:1 | Entered Level 1 of the Spider Nest
 15470 | Spider:1 | Blown up by an orb spider

Illustrated notes

Levels and vault maps discovered:
D:1:      heliophobic_arrival_dark_side_of_the_moon, layout_basic,
          shapermc_ecumenical_altar_mp_vishouse
D:2:      wander_river, layout_rooms
D:3:      layout_basic, cheibrodos_sewer_entry_sluice, gammafunk_ghost_cemetery,
          uniq_sigmund
D:4:      minmay_evil_eye, layout_loops_ring, kennysheep_mini,
          old_standard_altar
D:5:      layout_basic, amcnicky_altar_gilded, minitemple,
          kennysheep_generic_room_5
D:6:      kennysheep_slugbush, layout_loops_ring, grunt_tough_drop, uniq_pikel
D:7:      layout_basic, chequers_temple_overflow_statue_of_worship,
          minmay_temple_entry_proselytizer, serial_glass, glass_columns_a,
          glass_columns_b, glass_columns_b, glass_columns_c, glass_columns_c,
          glass_columns_a, minmay_strange_pillars, feat_on_display, uniq_maggie
D:8:      layout_basic, chequers_guarded_unrand_ignorance
D:9:      layout_basic, trog_butcher_becter, grunt_lair_entry_orc_guard_hut
Lair:1:   layout_regular_city, serial_bayou_shore_a, grunt_megastairs_4,
          uniq_nergalle, uniq_erica
Lair:2:   layout_regular_city, nicolae_spider_entry_non_spiders,
          serial_bayou_pond_a, chequers_serial_rivers_small_a
Spider:1: layout_spider_delve, uniq_louise, uniq_aizul

Skill      XL: |  1  2  3  4  5  6  7  8  9 10 11 12 |
---------------+-------------------------------------+-----
Axes           | 3 4 5 6 7 9 11 13 15 | 15.5
Fighting       | 4 5 6 7 8 10 | 10.7
Dodging        | 1 2 3 4 5 |  5.2
Armour         | 3 5 6 7 8 9 |  9.4
Spellcasting   | 1 2 |  2.2
Conjurations   | 2 |  2.1
Stealth        | 1 2 |  2.7
Air Magic      | 1 |  1.5
Shields        | 2 4 5 |  5.9
Invocations    | 3 4 |  4.6

Action                   |  1- 3 |  4- 6 |  7- 9 | 10-12 || total
-------------------------+-------+-------+-------+-------++-------
Melee: Hand axe          |   142 |    95 |       |       ||   237
       War axe           |       |    43 |   214 |   373 ||   630
 Cast: Shock             |       |    27 |     8 |       ||    35
Invok: Depart the Abyss  |     1 |       |       |       ||     1
       Banish            |       |       |     1 |     4 ||     5
       Bend Space        |       |       |       |     1 ||     1
Evoke: Wand              |       |       |       |     1 ||     1
  Use: Potion            |     2 |     3 |     3 |     4 ||    12
       Scroll            |       |     6 |     4 |     8 ||    18
 Stab: Sleeping          |       |       |       |     1 ||     1
Armor: Leather armour    |    37 |     3 |       |       ||    40
       Pearl dragon scal |       |    33 |   113 |   252 ||   398
Dodge: Dodged            |   115 |   101 |   156 |   226 ||   598
Block: Kite shield       |       |       |    11 |   248 ||   259

Table legend: (Time is in decaauts)
 A = Elapsed time spent in this place.
 B = Non-inter-level travel time spent in this place.
 C = Inter-level travel time spent in this place.
 D = Time resting spent in this place.
 E = Time spent auto-exploring this place.
 F = Levels seen in this place.
 G = Mean time per level.
                   A        B        C        D        E       F      G
               +--------+--------+--------+--------+--------+-----+--------+
         Total |  15580 |  15273 |    307 |   4991 |   7567 |  13 | 1198.5 |
       Dungeon |  12629 |  12368 |    261 |   3875 |   6349 |   9 | 1403.2 |
          Lair |   2756 |   2710 |     46 |   1116 |   1083 |   2 | 1378.0 |
   Spider Nest |     62 |     62 |      0 |      0 |     10 |   1 |   62.0 |
         Abyss |    132 |    132 |      0 |      0 |    125 |   1 |  132.0 |
               +--------+--------+--------+--------+--------+-----+--------+

Top non-repeatable levels by time:
     D:2: 2237 daAuts
     D:5: 1840 daAuts
  Lair:2: 1528 daAuts
     D:1: 1497 daAuts
     D:6: 1470 daAuts
     D:3: 1466 daAuts
     D:7: 1275 daAuts
  Lair:1: 1227 daAuts
     D:4: 1135 daAuts
     D:8: 927 daAuts
     D:9: 778 daAuts
 Abyss:1: 132 daAuts
Spider:1: 62 daAuts
